Workbook

Sheet Input-Output Data
A1: START HERE
A3: PURCHASE PRICE | B3: 600000
A4: LVR | B4: 0.8
A5: LOAN AMOUNT | B5: =B3*B4 -> 480000 | C5: P
A6: STAMP DUTY/LEGALS | B6: 36000
A7: NATURAL GROWTH | B7: 0.03
A8: ANNUAL INTEREST RATE | B8: 0.0599
A9: INTEREST RATE PER MONTH | B9: =B8/12 -> 0.0049916667 | C9: i
A10: GROSS RENTAL YIELD | B10: 0.0555
A11: ANNUAL EXPENSES % | B11: 0.45
A12: LOAN YEARS Interest only | B12: 5
A13: LOAN YEARS P & I | B13: =B14-B12 -> 25
A14: TOTAL LOAN YEARS | B14: 30
A15: NUMBER OF PAYMENTS | B15: =B14*12 -> 360 | C15: n
A16: LOAN TYPE | B16: Int Only
A17: MONTHLY INT ONLY PAYMENT | B17: =B5*B9 -> 2396
A18: MONTHLY P & I PAYMENT | B18: =B5*(B9*(1+B9)^(B13*12))/((1+B9)^(B13*12)-1) -> 3089.7132
A20: Visit Repayments Calculator to Check the repayment figures
A22: PERFORMANCE FIGURES
A24: Total CashFlow over Loan Years 1 - 15 | B24: ='BuyHold1-15'!R28 -> -163667.31 | D24: =IF(B24<0, "LOSS","GAIN") -> LOSS
A25: Total Cashflow over Loan Years 16 - 30 | B25: ='BuyHold16-30'!R28 -> -9522.6144 | D25: =IF(B25<0, "LOSS","GAIN") -> LOSS
A26: TOTAL CASHFLOW OVER LOAN PERIOD | B26: =B25+B24 -> -173189.92 | D26: =IF(B26<0, "LOSS","GAIN") -> LOSS
A28: Total Equity in property at 15 years | B28: ='BuyHold1-15'!Q12 -> 454780.45 | D28: =IF(B28<0, "LOSS","GAIN") -> GAIN
A29: Total Equity in property at 30 years | B29: ='BuyHold16-30'!Q12 -> 976357.48 | D29: =IF(B29<0, "LOSS","GAIN") -> GAIN
A31: TOTAL Repayments over Loan Period 1 - 15 | B31: ='BuyHold1-15'!R26 -> 514525.59
A32: TOTAL Repayments over Loan Period 16 - 30 | B32: ='BuyHold16-30'!R26 -> 593224.94
A33: TOTAL Repayments over Loan Period | B33: =(B31+B32) -> 1107750.5 | D33: LOSS
A34: TOTAL Interest Repayments over Loan Period | B34: ='BuyHold1-15'!B4 - B33 -> -627750.53 | D34: LOSS
A36: OVERALL GAIN BEFORE TAX | B36: =(B29+B26)-(B34) -> 1430918.1 | D36: PROFIT EX TAX

Sheet Sheet1
A1: Loan Type | B1: Years
A2: Int Only | B2: 25
A3: P & I | B3: 30

Sheet BuyHold1-15
A1: BUY-HOLD PROJECTION 1 - 15
B2: Start | C2: Year 1 | D2: Year 2 | E2: Year 3 | F2: Year 4 | G2: Year 5 | H2: Year 6 | I2: Year 7 | J2: Year 8 | K2: Year 9 | L2: Year 10 | M2: Year 11 | N2: Year 12 | O2: Year 13 | P2: Year 14 | Q2: Year 15
A3: Value | B3: 600000 | C3: =B3*(1+C14) -> 618000 | D3: =C3*(1+D14) -> 636540 | E3: =D3*(1+E14) -> 655636.2 | F3: =E3*(1+F14) -> 675305.29 | G3: =F3*(1+G14) -> 695564.44 | H3: =G3*(1+H14) -> 716431.38 | I3: =H3*(1+I14) -> 737924.32 | J3: =I3*(1+J14) -> 760062.05 | ... Q3: =P3*(1+Q14) -> 934780.45
A4: Loan | B4: 480000 | C4: 480000 | D4: 480000 | E4: 480000 | F4: 480000 | G4: 480000 | H4: 480000 | I4: 480000 | J4: 480000 | K4: 480000 | L4: 480000 | M4: 480000 | N4: 480000 | O4: 480000 | P4: 480000 | Q4: 480000
A5: Deposit | B5: 120000 | C5: 120000 | D5: 120000 | E5: 120000 | F5: 120000 | G5: 120000 | H5: 120000 | I5: 120000 | J5: 120000 | K5: 120000 | L5: 120000 | M5: 120000 | N5: 120000 | O5: 120000 | P5: 120000 | Q5: 120000
A6: Stamp Duty/Legals | B6: 36000 | C6: 36000 | D6: 36000 | E6: 36000 | F6: 36000 | G6: 36000 | H6: 36000 | I6: 36000 | J6: 36000 | K6: 36000 | L6: 36000 | M6: 36000 | N6: 36000 | O6: 36000 | P6: 36000 | Q6: 36000
A7: Strategy Cost | B7: 0 | C7: 0 | D7: 0 | E7: 0 | F7: 0 | G7: 0 | H7: 0 | I7: 0 | J7: 0 | K7: 0 | L7: 0 | M7: 0 | N7: 0 | O7: 0 | P7: 0 | Q7: 0
A8: Holding Cost | B8: 0 | C8: 0 | D8: 0 | E8: 0 | F8: 0 | G8: 0 | H8: 0 | I8: 0 | J8: 0 | K8: 0 | L8: 0 | M8: 0 | N8: 0 | O8: 0 | P8: 0 | Q8: 0
A9: Principal Payment | B9: 0 | C9: 0 | D9: 0 | E9: 0 | F9: 0 | G9: 0 | H9: 0 | I9: 0 | J9: 0 | K9: 0 | L9: 0 | M9: 0 | N9: 0 | O9: 0 | P9: 0 | Q9: 0
A10: Manufactured Growth | B10: 0 | C10: 0 | D10: 0 | E10: 0 | F10: 0 | G10: 0 | H10: 0 | I10: 0 | J10: 0 | K10: 0 | L10: 0 | M10: 0 | N10: 0 | O10: 0 | P10: 0 | Q10: 0
A11: Draw Down | B11: 0 | C11: 0 | D11: 0 | E11: 0 | F11: 0 | G11: 0 | H11: 0 | I11: 0 | J11: 0 | K11: 0 | L11: 0 | M11: 0 | N11: 0 | O11: 0 | P11: 0 | Q11: 0
A12: EQUITY IN PROPERTY | B12: =((B3-B4)+B7)+B10 -> 120000 | C12: =((C3-C4)+C7)+C10 -> 138000 | D12: =((D3-D4)+D7)+D10 -> 156540 | E12: =((E3-E4)+E7)+E10 -> 175636.2 | F12: =((F3-F4)+F7)+F10 -> 195305.29 | G12: =((G3-G4)+G7)+G10 -> 215564.44 | H12: =((H3-H4)+H7)+H10 -> 236431.38 | I12: =((I3-I4)+I7)+I10 -> 257924.32 | ... Q12: =((Q3-Q4)+Q7)+Q10 -> 454780.45
A14: Natural Growth % | B14: ='Input-Output Data'!B7 -> 0.03 | C14: =$B$14 -> 0.03 | D14: =$B$14 -> 0.03 | E14: =$B$14 -> 0.03 | F14: =$B$14 -> 0.03 | G14: =$B$14 -> 0.03 | H14: =$B$14 -> 0.03 | I14: =$B$14 -> 0.03 | J14: =$B$14 -> 0.03 | ... Q14: =$B$14 -> 0.03
A15: Annual Interest Rate | B15: ='Input-Output Data'!B8 -> 0.0599 | C15: =$B$15 -> 0.0599 | D15: =$B$15 -> 0.0599 | E15: =$B$15 -> 0.0599 | F15: =$B$15 -> 0.0599 | G15: =$B$15 -> 0.0599 | H15: =$B$15 -> 0.0599 | I15: =$B$15 -> 0.0599 | J15: =$B$15 -> 0.0599 | ... Q15: =$B$15 -> 0.0599
A16: Annual Gross Rental Yield | B16: ='Input-Output Data'!B10 -> 0.0555 | C16: =$B$16 -> 0.0555 | D16: =$B$16 -> 0.0555 | E16: =$B$16 -> 0.0555 | F16: =$B$16 -> 0.0555 | G16: =$B$16 -> 0.0555 | H16: =$B$16 -> 0.0555 | I16: =$B$16 -> 0.0555 | J16: =$B$16 -> 0.0555 | ... Q16: =$B$16 -> 0.0555
A17: Annual Expenses % | B17: ='Input-Output Data'!B11 -> 0.45 | C17: =B17 -> 0.45 | D17: =C17 -> 0.45 | E17: =D17 -> 0.45 | F17: =E17 -> 0.45 | G17: =F17 -> 0.45 | H17: =G17 -> 0.45 | I17: =H17 -> 0.45 | J17: =I17 -> 0.45 | ... Q17: =P17 -> 0.45
A18: Annual Net Rental Yield | B18: =B16*(1-B17) -> 0.030525 | C18: =C16*(1-C17) -> 0.030525 | D18: =D16*(1-D17) -> 0.030525 | E18: =E16*(1-E17) -> 0.030525 | F18: =F16*(1-F17) -> 0.030525 | G18: =G16*(1-G17) -> 0.030525 | H18: =H16*(1-H17) -> 0.030525 | I18: =I16*(1-I17) -> 0.030525 | ... Q18: =Q16*(1-Q17) -> 0.030525
A19: Annual Gross Income | B19: =B16*B3 -> 33300 | C19: =C16*C3 -> 34299 | D19: =D16*D3 -> 35327.97 | E19: =E16*E3 -> 36387.809 | F19: =F16*F3 -> 37479.443 | G19: =G16*G3 -> 38603.827 | H19: =H16*H3 -> 39761.941 | I19: =I16*I3 -> 40954.8 | ... Q19: =Q16*Q3 -> 51880.315
A20: Annual Net Income | B20: =B3*B18 -> 18315 | C20: =C3*C18 -> 18864.45 | D20: =D3*D18 -> 19430.384 | E20: =E3*E18 -> 20013.295 | F20: =F3*F18 -> 20613.694 | G20: =G3*G18 -> 21232.105 | H20: =H3*H18 -> 21869.068 | I20: =I3*I18 -> 22525.14 | ... Q20: =Q3*Q18 -> 28534.173
A22: Loan Type | B22: Int Only | C22: Int Only | D22: Int Only | E22: Int Only | F22: Int Only | G22: Int Only | H22: P & I | I22: P & I | J22: P & I | K22: P & I | L22: P & I | M22: P & I | N22: P & I | O22: P & I | P22: P & I | Q22: P & I
A23: Interest Rate | B23: ='Input-Output Data'!B8 -> 0.0599 | C23: =$B$23 -> 0.0599 | D23: =$B$23 -> 0.0599 | E23: =$B$23 -> 0.0599 | F23: =$B$23 -> 0.0599 | G23: =$B$23 -> 0.0599 | H23: =$B$23 -> 0.0599 | I23: =$B$23 -> 0.0599 | J23: =$B$23 -> 0.0599 | ... Q23: =$B$23 -> 0.0599
A24: Loan Years | B24: ='Input-Output Data'!B14 -> 30 | C24: =$B$24 -> 30 | D24: =$B$24 -> 30 | E24: =$B$24 -> 30 | F24: =$B$24 -> 30 | G24: =$B$24 -> 30 | H24: =$B$24 -> 30 | I24: =$B$24 -> 30 | J24: =$B$24 -> 30 | ... Q24: =$B$24 -> 30
A25: Total Monthly Loan Payment | B25: =IF(B22="Int Only",'Input-Output Data'!$B$17,'Input-Output Data'!$B$18) -> 2396 | C25: =IF(C22="Int Only",'Input-Output Data'!$B$17,'Input-Output Data'!$B$18) -> 2396 | D25: =IF(D22="Int Only",'Input-Output Data'!$B$17,'Input-Output Data'!$B$18) -> 2396 | E25: =IF(E22="Int Only",'Input-Output Data'!$B$17,'Input-Output Data'!$B$18) -> 2396 | F25: =IF(F22="Int Only",'Input-Output Data'!$B$17,'Input-Output Data'!$B$18) -> 2396 | G25: =IF(G22="Int Only",'Input-Output Data'!$B$17,'Input-Output Data'!$B$18) -> 2396 | H25: =IF(H22="Int Only",'Input-Output Data'!$B$17,'Input-Output Data'!$B$18) -> 3089.7132 | I25: =IF(I22="Int Only",'Input-Output Data'!$B$17,'Input-Output Data'!$B$18) -> 3089.7132 | ... Q25: =IF(Q22="Int Only",'Input-Output Data'!$B$17,'Input-Output Data'!$B$18) -> 3089.7132
A26: Total Annual Loan Payment | B26: =12*B25 -> 28752 | C26: =12*C25 -> 28752 | D26: =12*D25 -> 28752 | E26: =12*E25 -> 28752 | F26: =12*F25 -> 28752 | G26: =12*G25 -> 28752 | H26: =12*H25 -> 37076.559 | I26: =12*I25 -> 37076.559 | ... Q26: =12*Q25 -> 37076.559 | R26: =SUM(C26:Q26) -> 514525.59
A28: Cashflow | C28: =C20-C26 -> -9887.55 | D28: =D20-D26 -> -9321.6165 | E28: =E20-E26 -> -8738.705 | F28: =F20-F26 -> -8138.3061 | G28: =G20-G26 -> -7519.8953 | H28: =H20-H26 -> -15207.491 | I28: =I20-I26 -> -14551.419 | J28: =J20-J26 -> -13875.665 | ... Q28: =Q20-Q26 -> -8542.3857 | R28: =SUM(C28:Q28) -> -163667.31

Sheet BuyHold16-30
A1: BUY-HOLD PROJECTION 16 - 30
B2: C/O Year15 | C2: Year 16 | D2: Year 17 | E2: Year 18 | F2: Year 19 | G2: Year 20 | H2: Year 21 | I2: Year 22 | J2: Year 23 | K2: Year 24 | L2: Year 25 | M2: Year 26 | N2: Year 27 | O2: Year 28 | P2: Year 29 | Q2: Year 30
A3: Value | B3: ='BuyHold1-15'!Q3 -> 934780.45 | C3: ='BuyHold1-15'!Q3*(1+'BuyHold16-30'!C14) -> 962823.86 | D3: =C3*(1+D14) -> 991708.58 | E3: =D3*(1+E14) -> 1021459.8 | F3: =E3*(1+F14) -> 1052103.6 | G3: =F3*(1+G14) -> 1083666.7 | H3: =G3*(1+H14) -> 1116176.7 | I3: =H3*(1+I14) -> 1149662 | J3: =I3*(1+J14) -> 1184151.9 | K3: =J3*(1+K14) -> 1219676.5 | ... Q3: =P3*(1+Q14) -> 1456357.5
A4: Loan | B4: ='BuyHold1-15'!Q4 -> 480000 | C4: 480000 | D4: 480000 | E4: 480000 | F4: 480000 | G4: 480000 | H4: 480000 | I4: 480000 | J4: 480000 | K4: 480000 | L4: 480000 | M4: 480000 | N4: 480000 | O4: 480000 | P4: 480000 | Q4: 480000
A5: Deposit | B5: ='BuyHold1-15'!Q5 -> 120000 | C5: 120000 | D5: 120000 | E5: 120000 | F5: 120000 | G5: 120000 | H5: 120000 | I5: 120000 | J5: 120000 | K5: 120000 | L5: 120000 | M5: 120000 | N5: 120000 | O5: 120000 | P5: 120000 | Q5: 120000
A6: Stamp Duty/Legals | B6: ='BuyHold1-15'!Q6 -> 36000 | C6: 36000 | D6: 36000 | E6: 36000 | F6: 36000 | G6: 36000 | H6: 36000 | I6: 36000 | J6: 36000 | K6: 36000 | L6: 36000 | M6: 36000 | N6: 36000 | O6: 36000 | P6: 36000 | Q6: 36000
A7: Strategy Cost | B7: ='BuyHold1-15'!Q7 -> 0 | C7: 0 | D7: 0 | E7: 0 | F7: 0 | G7: 0 | H7: 0 | I7: 0 | J7: 0 | K7: 0 | L7: 0 | M7: 0 | N7: 0 | O7: 0 | P7: 0 | Q7: 0
A8: Holding Cost | B8: ='BuyHold1-15'!Q8 -> 0 | C8: 0 | D8: 0 | E8: 0 | F8: 0 | G8: 0 | H8: 0 | I8: 0 | J8: 0 | K8: 0 | L8: 0 | M8: 0 | N8: 0 | O8: 0 | P8: 0 | Q8: 0
A9: Principal Payment | B9: ='BuyHold1-15'!Q9 -> 0 | C9: 0 | D9: 0 | E9: 0 | F9: 0 | G9: 0 | H9: 0 | I9: 0 | J9: 0 | K9: 0 | L9: 0 | M9: 0 | N9: 0 | O9: 0 | P9: 0 | Q9: ='BuyHold1-15'!Q9 -> 0
A10: Manufactured Growth | B10: ='BuyHold1-15'!Q10 -> 0 | C10: 0 | D10: 0 | E10: 0 | F10: 0 | G10: 0 | H10: 0 | I10: 0 | J10: 0 | K10: 0 | L10: 0 | M10: 0 | N10: 0 | O10: 0 | P10: 0 | Q10: 0
A11: Draw Down | B11: ='BuyHold1-15'!Q11 -> 0 | C11: 0 | D11: 0 | E11: 0 | F11: 0 | G11: 0 | H11: 0 | I11: 0 | J11: 0 | K11: 0 | L11: 0 | M11: 0 | N11: 0 | O11: 0 | P11: 0 | Q11: 0
A12: EQUITY IN PROPERTY | B12: =(B3-B4)+B7+B10 -> 454780.45 | C12: =(C3-C4)+C7+C10 -> 482823.86 | D12: =(D3-D4)+D7+D10 -> 511708.58 | E12: =(E3-E4)+E7+E10 -> 541459.84 | F12: =(F3-F4)+F7+F10 -> 572103.63 | G12: =(G3-G4)+G7+G10 -> 603666.74 | H12: =(H3-H4)+H7+H10 -> 636176.74 | I12: =(I3-I4)+I7+I10 -> 669662.05 | ... Q12: =(Q3-Q4)+Q7+Q10 -> 976357.48
A14: Natural Growth % | B14: ='Input-Output Data'!B7 -> 0.03 | C14: =$B$14 -> 0.03 | D14: =$B$14 -> 0.03 | E14: =$B$14 -> 0.03 | F14: =$B$14 -> 0.03 | G14: =$B$14 -> 0.03 | H14: =$B$14 -> 0.03 | I14: =$B$14 -> 0.03 | J14: =$B$14 -> 0.03 | ... Q14: =$B$14 -> 0.03
A15: Annual Interest Rate | B15: ='Input-Output Data'!B8 -> 0.0599 | C15: =$B$15 -> 0.0599 | D15: =$B$15 -> 0.0599 | E15: =$B$15 -> 0.0599 | F15: =$B$15 -> 0.0599 | G15: =$B$15 -> 0.0599 | H15: =$B$15 -> 0.0599 | I15: =$B$15 -> 0.0599 | J15: =$B$15 -> 0.0599 | ... Q15: =$B$15 -> 0.0599
A16: Annual Gross Rental Yield | B16: ='Input-Output Data'!B10 -> 0.0555 | C16: =$B$16 -> 0.0555 | D16: =$B$16 -> 0.0555 | E16: =$B$16 -> 0.0555 | F16: =$B$16 -> 0.0555 | G16: =$B$16 -> 0.0555 | H16: =$B$16 -> 0.0555 | I16: =$B$16 -> 0.0555 | J16: =$B$16 -> 0.0555 | ... Q16: =$B$16 -> 0.0555
A17: Annual Expenses % | B17: ='Input-Output Data'!B11 -> 0.45 | C17: =B17 -> 0.45 | D17: =C17 -> 0.45 | E17: =D17 -> 0.45 | F17: =E17 -> 0.45 | G17: =F17 -> 0.45 | H17: =G17 -> 0.45 | I17: =H17 -> 0.45 | J17: =I17 -> 0.45 | ... Q17: =P17 -> 0.45
A18: Annual Net Rental Yield | B18: =B16*(1-B17) -> 0.030525 | C18: =C16*(1-C17) -> 0.030525 | D18: =D16*(1-D17) -> 0.030525 | E18: =E16*(1-E17) -> 0.030525 | F18: =F16*(1-F17) -> 0.030525 | G18: =G16*(1-G17) -> 0.030525 | H18: =H16*(1-H17) -> 0.030525 | I18: =I16*(1-I17) -> 0.030525 | ... Q18: =Q16*(1-Q17) -> 0.030525
A19: Annual Gross Income | B19: =B16*B3 -> 51880.315 | C19: =C16*C3 -> 53436.724 | D19: =D16*D3 -> 55039.826 | E19: =E16*E3 -> 56691.021 | F19: =F16*F3 -> 58391.752 | G19: =G16*G3 -> 60143.504 | H19: =H16*H3 -> 61947.809 | I19: =I16*I3 -> 63806.244 | ... Q19: =Q16*Q3 -> 80827.84
A20: Annual Net Income | B20: ='BuyHold1-15'!Q20 -> 28534.173 | C20: =C3*C18 -> 29390.198 | D20: =D3*D18 -> 30271.904 | E20: =E3*E18 -> 31180.062 | F20: =F3*F18 -> 32115.463 | G20: =G3*G18 -> 33078.927 | H20: =H3*H18 -> 34071.295 | I20: =I3*I18 -> 35093.434 | J20: =J3*J18 -> 36146.237 | ... Q20: =Q3*Q18 -> 44455.312
A22: Loan Type | B22: P & I | C22: P & I | D22: P & I | E22: P & I | F22: P & I | G22: P & I | H22: P & I | I22: P & I | J22: P & I | K22: P & I | L22: P & I | M22: P & I | N22: P & I | O22: P & I | P22: P & I | Q22: P & I
A23: Interest Rate | B23: ='Input-Output Data'!B8 -> 0.0599 | C23: =$B$23 -> 0.0599 | D23: =$B$23 -> 0.0599 | E23: =$B$23 -> 0.0599 | F23: =$B$23 -> 0.0599 | G23: =$B$23 -> 0.0599 | H23: =$B$23 -> 0.0599 | I23: =$B$23 -> 0.0599 | J23: =$B$23 -> 0.0599 | ... Q23: =$B$23 -> 0.0599
A24: Loan Years | B24: ='Input-Output Data'!B14 -> 30 | C24: =$B$24 -> 30 | D24: =$B$24 -> 30 | E24: =$B$24 -> 30 | F24: =$B$24 -> 30 | G24: =$B$24 -> 30 | H24: =$B$24 -> 30 | I24: =$B$24 -> 30 | J24: =$B$24 -> 30 | ... Q24: =$B$24 -> 30
A25: Total Monthly Loan Payment | B25: =IF(B22="Int Only",'Input-Output Data'!$B$17,'Input-Output Data'!$B$18) -> 3089.7132 | C25: =IF(C22="Int Only",'Input-Output Data'!$B$17,'Input-Output Data'!$B$18) -> 3089.7132 | D25: =IF(D22="Int Only",'Input-Output Data'!$B$17,'Input-Output Data'!$B$18) -> 3089.7132 | E25: =IF(E22="Int Only",'Input-Output Data'!$B$17,'Input-Output Data'!$B$18) -> 3089.7132 | F25: =IF(F22="Int Only",'Input-Output Data'!$B$17,'Input-Output Data'!$B$18) -> 3089.7132 | G25: =IF(G22="Int Only",'Input-Output Data'!$B$17,'Input-Output Data'!$B$18) -> 3089.7132 | H25: =IF(H22="Int Only",'Input-Output Data'!$B$17,'Input-Output Data'!$B$18) -> 3089.7132 | I25: =IF(I22="Int Only",'Input-Output Data'!$B$17,'Input-Output Data'!$B$18) -> 3089.7132 | ... Q25: =IF(Q22="Int Only",'Input-Output Data'!$B$17,'Input-Output Data'!$B$18) -> 3089.7132
A26: Total Annual Loan Payment | B26: =12*B25 -> 37076.559 | C26: =12*C25 -> 37076.559 | D26: =12*D25 -> 37076.559 | E26: =12*E25 -> 37076.559 | F26: =12*F25 -> 37076.559 | G26: =12*G25 -> 37076.559 | H26: =12*H25 -> 37076.559 | I26: =12*I25 -> 37076.559 | ... Q26: =12*Q25 -> 37076.559 | R26: =SUM(B26:Q26) -> 593224.94
A28: Cashflow | C28: =C20-C26 -> -7686.3605 | D28: =D20-D26 -> -6804.6546 | E28: =E20-E26 -> -5896.4974 | F28: =F20-F26 -> -4961.0956 | G28: =G20-G26 -> -3997.6317 | H28: =H20-H26 -> -3005.2639 | I28: =I20-I26 -> -1983.125 | J28: =J20-J26 -> -930.32199 | ... Q28: =Q20-Q26 -> 7378.7532 | R28: =SUM(C28:Q28) -> -9522.6144

Sheet BuyHold
A1: BUY-HOLD PROJECTION
B2: Start | C2: Year 1 | D2: Year 2 | E2: Year 3 | F2: Year 4 | G2: Year 5 | H2: Year 6 | I2: Year 7 | J2: Year 8 | K2: Year 9 | L2: Year 10 | O2: Year 30
A3: Value | B3: 600000 | C3: =B3*(1+C14) -> 636000 | D3: =C3*(1+D14) -> 674160 | E3: =D3*(1+E14) -> 714609.6 | F3: =E3*(1+F14) -> 757486.18 | G3: =F3*(1+G14) -> 802935.35 | H3: =G3*(1+H14) -> 851111.47 | I3: =H3*(1+I14) -> 902178.16 | J3: =I3*(1+J14) -> 956308.84 | ... L3: =K3*(1+L14) -> 1074508.6 | O3: =B3*(1+B14)^30 -> 3446094.7
A4: Loan | B4: 480000 | C4: 480000 | D4: 480000 | E4: 480000 | F4: 480000 | G4: 480000 | H4: 480000 | I4: 480000 | J4: 480000 | K4: 480000 | L4: 480000 | O4: =B4 -> 480000
A5: Deposit | B5: 120000 | C5: 120000 | D5: 120000 | E5: 120000 | F5: 120000 | G5: 120000 | H5: 120000 | I5: 120000 | J5: 120000 | K5: 120000 | L5: 120000 | O5: =B5 -> 120000
A6: Stamp Duty/Legals | B6: 36000 | C6: 36000 | D6: 36000 | E6: 36000 | F6: 36000 | G6: 36000 | H6: 36000 | I6: 36000 | J6: 36000 | K6: 36000 | L6: 36000 | O6: =B6 -> 36000
A7: Strategy Cost | B7: 0 | C7: 0 | D7: 0 | E7: 0 | F7: 0 | G7: 0 | H7: 0 | I7: 0 | J7: 0 | K7: 0 | L7: 0 | N7: GROSS PROFIT | O7: =O3-(O4+O5+O6) -> 2810094.7
A8: Holding Cost | B8: 0 | C8: 0 | D8: 0 | E8: 0 | F8: 0 | G8: 0 | H8: 0 | I8: 0 | J8: 0 | K8: 0 | L8: 0 | N8: NET PROFIT | O8: =O7-O18 -> 2413217.7
A9: Principal Payment | B9: 0 | C9: 0 | D9: 0 | E9: 0 | F9: 0 | G9: 0 | H9: 0 | I9: 0 | J9: 0 | K9: 0 | L9: 0
A10: Manufactured Growth | B10: 0 | C10: 0 | D10: 0 | E10: 0 | F10: 0 | G10: 0 | H10: 0 | I10: 0 | J10: 0 | K10: 0 | L10: 0
A11: Draw Down | B11: 0 | C11: 0 | D11: 0 | E11: 0 | F11: 0 | G11: 0 | H11: 0 | I11: 0 | J11: 0 | K11: 0 | L11: 0
A12: EQUITY IN PROPERTY | B12: =(B3-B4)+B6+B7+B8 -> 156000 | C12: =((C3-C4)+C6+C7)-C10 -> 192000 | D12: =((D3-D4)+D6+D7)-D10 -> 230160 | E12: =((E3-E4)+E6+E7)-E10 -> 270609.6 | F12: =((F3-F4)+F6+F7)-F10 -> 313486.18 | G12: =((G3-G4)+G6+G7)-G10 -> 358935.35 | H12: =((H3-H4)+H6+H7)-H10 -> 407111.47 | I12: =((I3-I4)+I6+I7)-I10 -> 458178.16 | J12: =((J3-J4)+J6+J7)-J10 -> 512308.84 | ... L12: =((L3-L4)+L6+L7)-L10 -> 630508.62
A14: Natural Growth % | B14: 0.06 | C14: 0.06 | D14: 0.06 | E14: 0.06 | F14: 0.06 | G14: 0.06 | H14: 0.06 | I14: 0.06 | J14: 0.06 | K14: 0.06 | L14: 0.06
A15: Annual Interest Rate | B15: 0.042 | C15: 0.042 | D15: 0.042 | E15: 0.042 | F15: 0.042 | G15: 0.042 | H15: 0.042 | I15: 0.042 | J15: 0.042 | K15: 0.042 | L15: 0.042
A16: Annual Net Rental Yield | B16: 0.030465 | C16: 0.030465 | D16: 0.030465 | E16: 0.030465 | F16: 0.030465 | G16: 0.030465 | H16: 0.030465 | I16: 0.030465 | J16: 0.030465 | K16: 0.030465 | L16: 0.030465
A17: Annual Net Income | B17: 18279 | C17: =C3*C16 -> 19375.74 | D17: =D3*D16 -> 20538.284 | E17: =E3*E16 -> 21770.581 | F17: =F3*F16 -> 23076.816 | G17: =G3*G16 -> 24461.425 | H17: =H3*H16 -> 25929.111 | I17: =I3*I16 -> 27484.858 | J17: =J3*J16 -> 29133.949 | ... L17: =L3*L16 -> 32734.905
A18: Annual Interest Payable | B18: =B4*B15 -> 20160 | C18: =C4*C15 -> 20160 | D18: =D4*D15 -> 20160 | E18: =E4*E15 -> 20160 | F18: =F4*F15 -> 20160 | G18: =G4*G15 -> 20160 | N18: TOTAL INT | O18: =296077+SUM(C18:G18) -> 396877
A19: Annual Principal Payment | C19: 0 | D19: 0 | E19: 0 | F19: 0 | G19: 0 | N19: TOTAL PRINCIPAL | O19: 480000
A20: Total P & I Payment | C20: =C18+C19 -> 20160 | D20: =D18+D19 -> 20160 | E20: =E18+E19 -> 20160 | F20: =F18+F19 -> 20160 | G20: =G18+G19 -> 20160 | H20: 31044 | I20: 31044 | J20: 31044 | K20: 31044 | L20: 31044 | N20: TOTAL PAYMENTS | O20: =SUM(O18:O19) -> 876877
A21: Cashflow | C21: =C17-C20 -> -784.26 | D21: =D17-D20 -> 378.2844 | E21: =E17-E20 -> 1610.5815 | F21: =F17-F20 -> 2916.8164 | G21: =G17-G20 -> 4301.4253 | H21: =H17-H20 -> -5114.8891 | I21: =I17-I20 -> -3559.1425 | J21: =J17-J20 -> -1910.051 | ... L21: =L17-L20 -> 1690.905
A23: Shortfall over 5 Years | B23: =SUM(C21:G21) -> 8422.8475
A24: Shortfall over 10 Years | B24: =SUM(C21:L21) -> -632.3442
